Cogmind - Beta 13 @@@ ROGUE MODE // 2024.04.18 @ 19:15:31 Player: N00Bk1llr Result: Destroyed by P5-DYF(R) with Subdweller Machine Gun Performance ------------- Evolutions (0) 0 Regions Visited (3) 600 Robots Destroyed (43) 215 Value Destroyed (867) 867 Prototype IDs (2) 40 Alien Tech Used (0) 0 Bonus (0) 0 TOTAL SCORE: 1722 Bonus ------- None Cogmind --------- Core Integrity 0/250 Matter 10/300 Energy 100/100 System Corruption 2% Temperature Cool (0) Movement Treading (320) Ox2 Location -10/Subcaves Parts ------- > --- POWER (1) -------- (None) > --- PROPULSION (2) --- Light Treads Improved Treads > --- UTILITY (2) ------ Huge Storage Unit > --- WEAPON (2) ------- Mini Grenade Launcher Subdweller Shrapnel Launcher > --- INVENTORY (25) --- Subdweller Power Source Subdweller Power Source Light Nuclear Core Light Treads Improved Treads Utility Shielding Medium Armor Plating Medium Armor Plating Medium Armor Plating Riot Gun Subdweller Beam Cannon Makeshift Shrapnel Gun Battle Cannon Mini Grenade Launcher Mini Grenade Launcher Mini Grenade Launcher Hammer Ripper Peak State ------------ > --- POWER ------------ Ion Engine > --- PROPULSION ------- Light Treads Improved Treads > --- UTILITY ---------- Huge Storage Unit Makeshift Light Armor Plating > --- WEAPON ----------- Battle Rifle Makeshift Shrapnel Gun > --- INVENTORY -------- Subdweller Power Source Light Nuclear Core Light Treads Light Treads Light Treads Improved Treads Improved Treads Utility Shielding Medium Armor Plating Medium Armor Plating Medium Armor Plating Medium Armor Plating Riot Gun Small Laser Battle Cannon Grenade Launcher Mini Grenade Launcher Mini Grenade Launcher Mini Grenade Launcher Mini Grenade Launcher Hammer [Rating: 18] Favorites ----------- Power Light Ion Engine Engine Light Ion Engine Propulsion Light Treads Treads Light Treads Leg Aluminum Leg Utility Huge Storage Unit Storage Huge Storage Unit Processor Signal Interpreter Protection Makeshift Light Armor Plating Weapon Medium Laser Energy Gun Medium Laser Ballistic Gun Battle Rifle Ballistic Cannon Light Cannon Launcher Subdweller Shrapnel Launcher Impact Weapon Hammer Slashing Weapon Ripper Build | -11 -10 -10 -10 ------- Run | Yrd Mat Min Sub Slots Evolved . | . . . . Power . | . . . . Propulsion . | . . . . Utility . | . . . . Weapon . | . . . . Parts Attached 34 | 6 11 1 16 Power 3 | 1 1 . 1 Engine 3 | 1 1 . 1 Core . | . . . . Reactor . | . . . . Propulsion 9 | 2 3 1 3 Treads 8 | 2 2 1 3 Leg 1 | . 1 . . Wheel . | . . . . Hover . | . . . . Flight . | . . . . Utility 6 | 1 3 . 2 Device . | . . . . Storage 2 | 1 1 . . Processor 1 | . 1 . . Hackware . | . . . . Protection 3 | . 1 . 2 Artifact . | . . . . Weapon 16 | 2 4 . 10 Energy Gun 2 | 1 . . 1 Energy Cannon . | . . . . Ballistic Gun 4 | 1 . . 3 Ballistic Cannon 2 | . 2 . . Launcher 6 | . 2 . 4 Special Weapon . | . . . . Impact Weapon 1 | . . . 1 Slashing Weapon 1 | . . . 1 Piercing Weapon . | . . . . Special Melee Weapon . | . . . . Unidentified Prototypes . | . . . . Parts Lost 13 | . 2 1 10 Power 3 | . 1 . 2 Propulsion 5 | . 1 1 3 Utility 1 | . . . 1 Weapon 4 | . . . 4 Highest Loss Streak 3 | . 2 1 3 To Critical Strikes . | . . . . Average Slot Usage (%) 98 | . 98 99 97 Engine 13 | . 13 14 12 Treads 24 | . 20 27 27 Leg 3 | . 7 . . Storage 14 | . 14 14 14 Processor 6 | . 6 14 1 Protection 7 | . 7 . 12 Energy Gun 9 | . 14 14 2 Ballistic Gun 5 | . 2 . 13 Ballistic Cannon 8 | . 11 14 . Launcher 2 | . . . 7 Slashing Weapon 1 | . . . 3 Naked Turns . | . . . . Heaviest Build 100 | 12 89 88 100 Greatest Support 46 | 40 46 46 43 Greatest Overweight (x) 4 | 2 4 3 4 Average Overweight (x) 1 | . 1 1 1 Largest Inventory Capacity 25 | 8 25 25 25 Average Capacity 23 | 7 21 25 25 Most Carried 22 | 2 20 21 22 Average Carried 15 | . 9 20 19 Final Capacity 25 | 8 25 25 25 Final Carried 20 | 2 20 20 18 Class Distribution -------------------- 100% | Mutant Dominant Class ---------------- Mutant | -10/Materials Mutant | -10/Mines Mutant | -10/Subcaves Resources | -11 -10 -10 -10 ----------- Run | Yrd Mat Min Sub Matter Collected 912 | 170 371 176 195 Remotely . | . . . . Salvage Created 772 | . 424 157 191 Parts 66 | . 28 14 24 Haulers Intercepted 2 | . 2 . . Recyclers Shooed 3 | . 3 . . Parts Field Recycled . | . . . . Retrieved Matter . | . . . . Parts Self-Destructed 10 | . . . 10 Prevented . | . . . . Kills | -11 -10 -10 -10 ------- Run | Yrd Mat Min Sub Combat Hostiles Destroyed 35 | . 10 10 15 Melee 2 | . . . 2 Guns 15 | . 4 7 4 Cannons 6 | . 2 3 1 AOE 12 | . 4 . 8 Classes Destroyed 8 | . 7 . 1 Hauler 2 | . 2 . . Recycler 1 | . 1 . . Mechanic 1 | . 1 . . Operator 1 | . 1 . . Watcher 3 | . 3 . . Swarmer 21 | . 6 8 7 Grunt 6 | . 4 2 . Subdweller 8 | . . . 8 Best Kill Streak 4 | . 4 3 4 Combat Bots Only 4 | . 4 3 4 Max Kills in Single Turn 2 | . 2 1 2 Gunslinging . | . . . . Exploded 2 | . 1 . 2 Melee 1 | . . . 1 Uniques/NPCs Destroyed . | . . . . Combat | -11 -10 -10 -10 -------- Run | Yrd Mat Min Sub Hostile Shots Fired 199 | . 60 53 86 Missed 51 | . 12 11 28 Damage Taken 1903 | . 494 380 1029 Core 269 | . 57 29 183 Absorbed by Shields . | . . . . Redirected to Shielding 38 | . 38 . . Core Remaining (%) 100 | 100 . . . Volleys Fired 104 | . 52 27 25 Largest 2 | . 2 2 2 Hottest 85 | . 85 85 85 Shots Fired 193 | . 99 55 39 Gun 119 | . 72 27 20 Cannon 52 | . 20 28 4 Launcher 22 | . 7 . 15 Special . | . . . . Kinetic 101 | . 44 28 29 Thermal 82 | . 48 27 7 Explosive 10 | . 7 . 3 Electromagnetic . | . . . . Robot Hit Streak 11 | . 11 5 7 Robot Miss Streak 6 | . 6 6 3 Penetration Max . | . . . . Secondary Targets 1 | . . . 1 Max Gunslinging Chain 1 | . . . 1 Shots Hit Robots 101 | . 51 27 23 Core Hits 62 | . 29 13 20 Critical Kills . | . . . . Critical Parts Destroyed 1 | . 1 . . Critical Strikes 12 | . 6 5 1 Burn 9 | . 5 4 . Destroy 1 | . 1 . . Blast 1 | . . 1 . Sever 1 | . . . 1 Melee Attacks 13 | . . . 13 Impact . | . . . . Slashing 13 | . . . 13 Piercing . | . . . . Sneak Attacks . | . . . . Combat Hostiles . | . . . . Follow-up Attacks . | . . . . Damage Inflicted 2766 | . 962 417 1387 Guns 786 | . 458 211 117 Cannons 400 | . 163 199 38 Explosions 1364 | . 341 . 1023 Melee 209 | . . . 209 Ramming 7 | . . 7 . Kinetic 1509 | . 286 199 1024 Thermal 596 | . 335 211 50 Explosive 445 | . 341 . 104 Electromagnetic . | . . . . Impact . | . . . . Slashing 209 | . . . 209 Piercing . | . . . . Highest Corruption 2 | . 2 2 2 Average Corruption 2 | . 2 2 2 Corruption Purged . | . . . . Corruption Blocked . | . . . . Effects 48 | . 4 17 27 Message Errors 13 | . 2 4 7 Matter Fused 8 | . . 3 5 Heat Flow Errors 12 | . 2 2 8 Energy Discharges 4 | . . . 4 Data Loss (minor) 7 | . . 5 2 Data Loss (major) 2 | . . 1 1 Misfires 1 | . . 1 . Alerts 1 | . . 1 . Overload Shots . | . . . . Overflow Damage 34 | . 8 . 26 Projectiles 8 | . 8 . . Explosions 26 | . . . 26 Melee . | . . . . Knockbacks 5 | . 2 3 . Impact . | . . . . Kinetic 5 | . 2 3 . Secondary . | . . . . Self-Inflicted Damage 154 | . 71 . 83 Shots 5 | . 3 . 2 Rammed 1 | . . 1 . Targets Rammed 1 | . . 1 . Kicked . | . . . . Crushed . | . . . . Highest Temperature 263 | . 209 201 263 Average Temperature 64 | . 41 86 96 Received Heat Transfer 252 | . 69 57 126 Siege Activations . | . . . . Robots Corrupted . | . . . . Combat Hostiles . | . . . . Parts Fried . | . . . . Impact Corruptions . | . . . . Robots Melted . | . . . . Combat Hostiles . | . . . . Parts Melted 9 | . 3 5 1 Heat Transferred 2442 | . 1369 925 148 Parts Sabotaged . | . . . . Parts Stolen . | . . . . Parts Stripped . | . . . . Power Chain Reactions . | . . . . Alert | -11 -10 -10 -10 ------- Run | Yrd Mat Min Sub Peak Influence 212 | . 212 155 . Initial . | . . . . Average 50 | . 51 53 . Maximum Alert Level 1 | . 1 . . Low Security (%) 98 | 100 98 100 . Level 1 1 | . 1 . . Level 2 . | . . . . Level 3 . | . . . . Level 4 . | . . . . Level 5 . | . . . . High Security . | . . . . Max Security . | . . . . Squads Dispatched 2 | . 2 . . Investigation . | . . . . Extermination . | . . . . Reinforcement 2 | . 2 . . Assault . | . . . . Garrison . | . . . . Intercept . | . . . . Searches Triggered . | . . . . Construction Impeded . | . . . . Haulers Reinforced . | . . . . Active Scanning Responses . | . . . . Cargo Convoy Interrupts . | . . . . Stealth | -11 -10 -10 -10 --------- Run | Yrd Mat Min Sub Distress Signals 1 | . 1 . . Communications Jammed . | . . . . Distress Signals . | . . . . Times Spotted 54 | . 18 11 25 Peak Tracking Total 4 | . 3 3 4 Tactical Retreats 4 | . 1 . 3 Traps | -11 -10 -10 -10 ------- Run | Yrd Mat Min Sub Traps Triggered 2 | . 1 . 1 Indirectly . | . . . . Trap Hack Attempts . | . . . . Triggered . | . . . . Disarmed . | . . . . Reprogrammed . | . . . . Reused . | . . . . Traps Extracted . | . . . . Installed . | . . . . Triggered . | . . . . Machines | -11 -10 -10 -10 ---------- Run | Yrd Mat Min Sub Machines Disabled 2 | . 1 1 . Max in Single Turn 1 | . 1 1 . Machines Repaired . | . . . . Machines Dismantled . | . . . . Machines Sabotaged . | . . . . Overloaded Fab Kills . | . . . . Hacking | -11 -10 -10 -10 --------- Run | Yrd Mat Min Sub Machines Accessed 7 | . 5 1 1 Terminals 6 | . 5 1 . Fabricators . | . . . . Repair Stations . | . . . . Recycling Units . | . . . . Scanalyzers . | . . . . Garrison Access . | . . . . Total Hacks 15 | . 11 3 1 Successful 6 | . 5 . 1 Failed 9 | . 6 3 . Catastrophic 1 | . 1 . . Database Lockouts . | . . . . Manual 6 | . 6 . . Terminals 14 | . 11 3 . Fabricators . | . . . . Repair Stations . | . . . . Recycling Units . | . . . . Scanalyzers . | . . . . Garrison Access . | . . . . Terminal Hacks 6 | . 5 . 1 Record 1 | . . . 1 Prototype ID Bank 1 | . 1 . . Locate Traps 1 | . 1 . . Maintenance Status 1 | . 1 . . Zone Layout 2 | . 2 . . Fabricator Hacks . | . . . . Repair Station Hacks . | . . . . Recycling Unit Hacks . | . . . . Scanalyzer . | . . . . Garrison Access Hacks . | . . . . Unauthorized Hacks . | . . . . Terminals . | . . . . Fabricators . | . . . . Repair Stations . | . . . . Recycling Units . | . . . . Scanalyzers . | . . . . Garrison Access . | . . . . Data Cores Recovered . | . . . . Used . | . . . . Hacking Detections 5 | . 4 1 . Full Trace Events 1 | . . 1 . Feedback Events . | . . . . Feedback Blocked . | . . . . Robot Schematics Acquired . | . . . . Robots Built . | . . . . Authchips . | . . . . Time . | . . . . Total Robot Build Rating . | . . . . Part Schematics Acquired . | . . . . Parts Built . | . . . . Authchips . | . . . . Time . | . . . . Total Part Build Rating . | . . . . Parts Repaired . | . . . . Time . | . . . . Parts Recycled . | . . . . Recycled Matter . | . . . . Retrieved Matter . | . . . . Retrieved Components . | . . . . Parts Scanalyzed . | . . . . Part Schematics Acquired . | . . . . Parts Damaged . | . . . . Bothacking | -11 -10 -10 -10 ------------ Run | Yrd Mat Min Sub Used RIF Installer . | . . . . Robots Hacked . | . . . . Non-combat . | . . . . Combat . | . . . . Robot Hacks Applied . | . . . . Relay Couplers Released . | . . . . Fabnet Peak Effective % . | . . . . Robots Rewired . | . . . . Allies Hacked . | . . . . Hacks Repelled . | . . . . Allies | -11 -10 -10 -10 -------- Run | Yrd Mat Min Sub Total Allies 1 | . . 1 . Largest Group 1 | . . 1 . Highest-Rated Group 31 | . . 31 . Highest-Rated Ally 31 | . . 31 . Total Orders . | . . . . Ally Attacks . | . . . . Total Damage . | . . . . Kills . | . . . . Allies Corrupted . | . . . . Allies Melted . | . . . . Intel | -11 -10 -10 -10 ------- Run | Yrd Mat Min Sub Robot Analysis Total . | . . . . Derelict Logs Recovered 3 | . . 1 2 Drone Launches . | . . . . Drone Recoveries . | . . . . Exploration | -11 -10 -10 -10 ------------- Run | Yrd Mat Min Sub Turns Passed 6019 | 61 2588 1269 2101 Spaces Moved 1882 | 35 753 469 625 Core 10 | 10 . . . Treads 1872 | 25 753 469 625 Legs . | . . . . Wheels . | . . . . Hover . | . . . . Flight . | . . . . Fastest Speed 50 | 50 160 240 240 Average Speed 298 | 147 319 252 315 Slowest Speed 480 | 160 480 400 480 Overloaded Moves . | . . . . Propulsion Burnouts . | . . . . Robots Hopped . | . . . . Cave-ins Triggered . | . . . . Exploration Rate (%) 58 | 3 95 95 41 Regions Visited 3 Branch Regions 2 Pre-discovered Areas 1 | . . 1 . Known Exits Taken 2 | . 1 1 . Unknown Exits Taken 1 | 1 . . . Scrap Searched 9 | . . 1 8 Spaces Dug 4 | . . . 4 Terrain Destroyed 187 | . 28 . 159 Melee 4 | . . . 4 Projectile . | . . . . AOE 183 | . 28 . 155 Terrain Rammed . | . . . . Walls Destroyed . | . . . . Machines Disabled . | . . . . Actions | -11 -10 -10 -10 --------- Run | Yrd Mat Min Sub Total 2077 | 42 838 501 696 Wait 6 | . 1 3 2 Move 1879 | 34 752 468 625 Hop . | . . . . Pick Up 32 | 2 19 1 10 Fast Attach 10 | 6 3 . 1 Attach 11 | . 1 1 9 Detach . | . . . . Swap 13 | . 7 . 6 Drop 8 | . 3 . 5 Fire 104 | . 52 27 25 Melee 13 | . . . 13 Ram . | . . . . Kick . | . . . . Crush 1 | . . 1 . Escape Stasis . | . . . . Rewire . | . . . . Trap . | . . . . Miscellaneous . | . . . . Route ------- -11/Scrapyard -10/Materials (discovered 5 exits: *Mat x3 / *Min x2) -10/Mines (discovered 3 exits: *Mat / *Exi / *Sub) -10/Subcaves (discovered 1 exit: [*Rec]) History --------- Turn | Location | Event 16 | -11/Scrapyard | Discovered new exit (range 13) 62 | -11/Scrapyard | Entered Materials 316 | -10/Materials | Build established: Mutant 355 | -10/Materials | Discovered new exit (range 10) 870 | -10/Materials | Discovered new exit (range 11) 1012 | -10/Materials | Discovered new exit (range 10) 1349 | -10/Materials | Discovered new exit (range 4) 1566 | -10/Materials | Identified exit to Mines 1715 | -10/Materials | Discovered exit to Mines (range 8) 1935 | -10/Materials | Identified exit to Materials 2650 | -10/Materials | Entered Mines 2668 | -10/Mines | Met a Derelict bent on vengeance 2891 | -10/Mines | Discovered exit to Materials (range 15) 2894 | -10/Mines | Learned location of Storage (-7) 3377 | -10/Mines | Received a Mining Laser from a helpful Derelict 3453 | -10/Mines | Deemed a non-threat by the Exiles lab entrance 3453 | -10/Mines | Discovered new exit (range 5) 3460 | -10/Mines | Identified exit to Exiles 3896 | -10/Mines | Discovered new exit (range 8) 3912 | -10/Mines | Identified exit to Subcaves 3919 | -10/Mines | Entered Subcaves 3937 | -10/Subcaves | Learned Materials interactive machine intel 3947 | -10/Subcaves | Discovered new exit (range 14) 3996 | -10/Subcaves | Lost 3 parts (1p2w) 4586 | -10/Subcaves | Visited Clippyterm 4910 | -10/Subcaves | Core integrity fell below 50% 5314 | -10/Subcaves | Shifting Twisted Machinery released Ripper 5317 | -10/Subcaves | Shifting Twisted Machinery released Sub. Power Source 6003 | -10/Subcaves | Core integrity fell below 20% 6020 | -10/Subcaves | Destroyed by P5-DYF(R) with Subdweller Machine Gun Last Messages --------------- 05841_ Grenade Launcher destroyed. 05852_ Q7-FA4(R) Sub. Machine Gun severed. 05852_ Lgt. Treads destroyed. 05861_ Sub. Power Source melted. 05861_ TH-0VR(R) destroyed. 05862_ System corrupted: Energy discharge (-50). 05863_ Acquired 53 matter. 05871_ Acquired Sub. Beam Cannon. 05883_ Dropped Hammer. 05883_ Acquired Hammer. 05887_ Dropped Mak. Light Armor Plating. 05898_ System corrupted: Component data lost. 05951_ Q7-FA4(R) destroyed. 05959_ Acquired 31 matter. 05986_ Imp. Treads destroyed. 05986_ Ion Engine destroyed. 05994_ MI-TOI(R) destroyed. 05994_ 31-KKT(R) destroyed. 05995_ P5-DYF(R): "ARGHSUB!" 06007_ Med. Armor Plating destroyed. Map ----- +----------------------------------------------------+ | #? ###????????????????????? %=#??????????? | | ##??????????????????????? #??????????? | | ????????????????????????? %"#??????????? | | #????????????????????????? " "#??????????? | | ### ##????????????????????????? """"#??????????? | | ###??##??????????????????????????<#?###??????????? | | ??????????????????????????????????#??????????????? | | ?????????????????????????????????????????????????? | | ?????????????????????????????????????????????????? | | ?????????????????????????????????????????????????? | | ?????????????????????????????????????????????????? | | ?????????????????????????????????????????????????? | | ???????#####?????????????????????????????????????? | | ??????? ##??????????#####?????????????????????? | | ##??### ## #?????## ####??????????????????? | | ### #?????# ??????????????????? | | " #???### #??????????????????? | | =!! #???# ;; ####???????????????? | | #[ & ## #?????# # #???????????????? | | ## #?????????????# #????????????????? | | ## ##????????????## &% ##???? ??????????? | | # ! #?????????????# ! #?? ?????????? | | # ##??????????????# R # ??????????? | | # ##?????####??????# #?????????????? | | ##???### ##?????# #?????????????? | | # ##?## ##????# @$ #?????????????? | | # ### #????### ## #????????????? | | # ## #??????# ;##???????????????????? | | ## ###????# ; #????????#??????????? | | ?## #??###; ;##????? ?????????? | | ### #??# #; ;;#??? ?????????? | | #### #### ;## ????????? | | #??##### ## !&* #????????? | | #??????#### ! = #??????????? | | #????????# &# ## ;# #??????????? | | #???????# ##### ###? #??????????? | | # ##???????#### #??# ######???? #?????????? | | ?##???????????#####??###?????????? ??????????? | | ??????????????????????????????????? ???????????? | | ???????????????????????????????????? ????????????? | | ?????????????????????????????????????????????????? | | ?????????????????????????????????????????????????? | | #????????????????????????????????????????????????? | | #????????????????????????????????????????????????? | | #????????????????????????????????????????????????? | | #????????????????????????????????????????????????? | | ##???????????????????????????????????????????????? | | #???????????????????????????????????????????????? | | #???????????????????????????????????????????????? | | ##???????????????????????????????????????????????? | +----------------------------------------------------+ Best States ------------- Heat Dissipation 25 Energy Generation 10 Energy Capacity 250 Matter Stores 300 Matter Capacity 300 Sight Range 16 Terrain Scan Density 10 Armor Coverage 225 Weapon Shielding 33 Evasion (%) 40 Recoil Reduction 2 Item Schematics ----------------- None Robot Schematics ------------------ None Fabricated ------------ Nothing Alien Tech Used ----------------- None Achievements -------------- None Challenges ------------ None Game ------ Seed SpliceGravmagTorch Manual? 0 Play Time 00:20:46 Cumulative 47.1 hours Start 2024.04.18 @ 18:53:12 End 2024.04.18 @ 19:15:31 Sessions 1 Manual Loads 0 Difficulty Rogue Special Mode None Game No. 84 Rogue 62 Adventurer 22 Explorer 0 Win Type - Total 1 Types 1/0/0/0/0/0/0/0/0 Lore% 30 Gallery% 47 Achievement% 42 Wizard Run 0 Options --------- Layout 2 ASCII 0 Keyboard 1 Movement Mouse Keybinds 0 Fullscreen 2 Font 24/Smallcaps Map View 50x44 Zoom Use 0% Tactical HUD 1 Map Filters NONE Filters NONE Steam 1 RUN: d59552d5-0c0c-4b3f-995f-898a76598d4e